 Dungeon Crawl Stone Soup version 0.21.0-3-g78d12a8 (webtiles) character file.

23993 letownia2 the Brawler (level 13, 84/84 HPs)
             Began as a Gargoyle Fighter on Jan 9, 2018.
             Was an Initiate of Gozag.
             Quit the game on level 2 of the Lair of Beasts.
             The game lasted 00:36:31 (15975 turns).

letownia2 the Brawler (Gargoyle Fighter)           Turns: 15975, Time: 00:36:32

Health: 84/84      AC: 24    Str: 21    XL:     13   Next: 10%
Magic:  15/15      EV: 11    Int: 13    God:    Gozag
Gold:   607        SH:  0    Dex:  9    Spells: 5/12 levels left

rFire    + . .     SeeInvis .     - Unarmed
rCold    x . .     Gourm    .   (no shield)
rNeg     + . .     Faith    .   W - +0 scale mail (curse)
rPois    ∞         Spirit   .   n - +0 helmet
rElec    +         Reflect  .   K - +1 cloak
rCorr    .         Harm     .   (no gloves)
MR       +....                  F - +2 pair of boots
Stlth    ..........             (no amulet)
HPRegen  0.24/turn              D - ring of fire
MPRegen  0.14/turn              P - ring of protection from magic

@: no status effects
A: negative energy resistance 1, electricity resistance, unbreathing,
petrification resistance, rot immunity, AC +9
a: Potion Petition, Call Merchant, Bribe Branch, Renounce Religion


You were on level 2 of the Lair of Beasts.
You worshipped Gozag.
Gozag was pleased with you.
You were not hungry.

You visited 3 branches of the dungeon, and saw 15 of its levels.
You also visited: Bailey.

You collected 4314 gold pieces.
You paid 3707 gold pieces to Gozag.

Inventory:

Hand Weapons
 b - the +8 fustibalus "Yheaz" {velocity, Stlth+}
   (You found it on level 9 of the Dungeon)

   Any stone fired from it inflicts extra damage.
   It makes you more stealthy.
 Q - the +12 flail "Arcanum" {venom, -Tele +Inv Str+4, unknown}
   (You found it on level 7 of the Dungeon)

   It poisons the flesh of those it strikes.
   It affects your strength (+4).
   It lets you turn invisible.
   It prevents most forms of teleportation.
Missiles
 q - 6 javelins (quivered)
 V - 68 sling bullets
Armour
 n - a +0 helmet (worn)
 F - a +2 pair of boots (worn)
 K - a +1 cloak (worn)
 T - a +0 shield
 W - a cursed +0 scale mail (worn)
Jewellery
 l - an uncursed ring of protection from cold
 w - an uncursed ring of see invisible
 C - an uncursed ring of protection from cold
 D - a ring of fire (left hand)
 P - a ring of protection from magic (right hand)
Wands
 u - a wand of flame (18)
 x - a wand of polymorph (15)
 G - a wand of enslavement (10)
 I - a wand of disintegration (22)
 U - a wand of acid (4)
Scrolls
 h - 3 scrolls of immolation
 i - 8 scrolls of identify
 j - 2 scrolls of remove curse
 k - 4 scrolls of fog
 o - a scroll of amnesia
 A - a scroll of random uselessness
 B - 11 scrolls of teleportation
 H - 3 scrolls of enchant armour
 O - a scroll of magic mapping
Potions
 a - a potion of berserk rage {unknown}
 c - 4 potions of might
 f - a potion of cancellation
 m - 4 potions of haste
 p - 5 potions of lignification
 s - 3 potions of invisibility
 t - 3 potions of ambrosia
 v - 4 potions of heal wounds
 z - 6 potions of curing
 E - 2 potions of flight
 J - 2 potions of agility
 M - a potion of resistance
 N - 4 potions of magic
Books
 g - a book of Changes

   Spells                             Type                      Level
   a - Beastly Appendage              Transmutation                1
   b - Sticks to Snakes               Transmutation                2
   c - Spider Form                    Transmutation/Poison         3
   d - Ice Form                       Ice/Transmutation            4
   e - Blade Hands                    Transmutation                5
Miscellaneous
 y - a lightning rod (4/4)
Comestibles
 d - 17 rations


   Skills:
 + Level 10.9 Fighting
 + Level 6.5 Armour
 * Level 3.9 Dodging
 - Level 3.2 Shields
 + Level 16.8 Unarmed Combat
 - Level 3.1 Evocations


You had 5 spell levels left.
You knew the following spells:

 Your Spells              Type           Power        Failure   Level  Hunger
a - Beastly Appendage     Tmut           #.....       58%         1    ##.....
j - Portal Projectile     Hex/Tloc       #.....       92%         3    ####...
x - Inner Flame           Hex/Fire       #.......     92%         3    ####...


Dungeon Overview and Level Annotations

Branches:
Dungeon (11/15)            Temple (1/1) D:4            Lair (3/6) D:11
 Shoals (0/4) Lair:3       Spider (0/4) Lair:2          Orc (0/2) D:9

Altars:
Ashenzari
Cheibriados
Dithmenos
Elyvilon
Fedhas
Gozag
Hepliaklqana
Kikubaaqudgha
Makhleb
Nemelex Xobeh
Okawaru
Qazlal
Ru
Sif Muna
Trog
Uskayaw
Vehumet
Wu Jian
Xom
Zin
The Shining One

Shops:
D:10 [   D:11 **   Lair:2 :=


Innate Abilities, Weirdness & Mutations

You are resistant to torment.
Your stone body is resilient. (AC +9)
You are immune to poison.
You resist negative energy. (rN+)
You are resistant to electric shocks. (rElec)
You can survive without breathing.
You are immune to petrification.
You are immune to rotting.


Message History

As you read the scroll labeled ZAHEZX NEACVIPP, it crumbles to dust.
The dust glows shimmering charcoal!
It was a scroll of random uselessness.
Blink to where?
Press: ? - help, Dir - move target cursor, f - you Are you sure you want to cancel this blink?
Okay, then.
As you read the scroll labeled PAELOSHRAHU, it crumbles to dust.
It was a scroll of blinking.
As you read the scroll labeled IKKOPUMOMIN, it crumbles to dust.
It is a scroll of amnesia.
Okay, then.
Unknown command.
As you read the scroll labeled VYSCHY VYFULYN, it crumbles to dust.
Wisps of shadow whirl around you...
It was a scroll of summoning.
Things that are here:
the +0 falchion "Geoq" {protect, rPois rC+} 2 scrolls of enchant weapon; 5 scrolls of enchant armour Drop what? 44/52 slots (_ for help) (? for menu, Esc to quit)
Okay, then.
Are you sure you want to abandon this character and quit the game? (Confirm with "yes".)

#..PPP..#.......##.....#...8..##
#...............###..8........#.
#..###..#.#P#...# #...........#.
#..##########...# ##.......8....
#..P# #...# ##........... #...#
##.F.######..8..>..8.
#...########Plh###P..##.........
#...#P#.##.#.Fh.......#....8....
##............hh@.......##.....#.
#.......##.###P###.........#+.#..
#.......#### ####.............##.
.#......# #.#.......#.....#+
#.......# ###.......#8.>.8#.
#P......# #...#....#...(...
#.......# #.......#...8..#.
##......## #..........#.....
#.......# ##......#........


You could see a friendly komodo dragon, a friendly spiny frog, 4 friendly wolves
and a friendly bullfrog.

Vanquished Creatures
  3 two-headed ogres
  Pikel (D:8)
  A manticore (D:11)
  An ugly thing (D:11)
  A merfolk siren (Lair:3)
  2 centaur zombies (D:11)
  A black mamba (Lair:3)
  8 spiny frogs
  A komodo dragon (Lair:1)
  2 rime drakes
  2 merfolk (Lair:3)
  6 slime creatures
  Grinder (D:2)
  5 hippogriffs
  5 blink frogs (Lair:1)
  2 redbacks (Lair:2)
  A human (D:11)
  15 yaks
  Eustachio (D:4)
  Menkaure (D:6)
  3 wargs (D:9)
  8 water moccasins
  The ghost of Ignatius881 the Caller, an amateur DESu (D:4)
  11 porcupines
  Duvessa (D:7)
  A swamp drake (Bailey)
  11 orc warriors
  2 sky beasts (D:10)
  4 slaves
  A black bear (D:11)
  4 ice beasts
  6 necrophages
  3 centaurs
  A phantom (D:10)
  6 wolves (Lair:1)
  7 ogres
  9 crocodiles
  Blork the orc (D:6)
  10 bullfrogs
  A water moccasin zombie (D:8)
  A water moccasin skeleton (D:5)
  4 killer bees (D:8)
  5 wights (D:7)
  3 howler monkeys
  An electric eel (Lair:3)
  4 crimson imps
  5 bullfrog zombies
  3 quasits
  A jelly (D:7)
  8 hounds
  Crazy Yiuf (D:6)
  7 orc priests
  13 orc wizards
  2 centaur skeletons
  Ijyb (D:3)
  5 worker ants
  Natasha (thrice) (D:3)
  An iguana (D:7)
  2 hound zombies (D:6)
  2 howler monkey skeletons
  2 worker ant zombies
  2 gnolls
  9 adders
  2 shadow imps
  An ooze (D:1)
  An adder skeleton (D:5)
  4 worms
  2 dart slugs
  7 leopard geckos
  46 orcs
  A ball python (D:1)
  4 giant cockroaches
  14 goblins
  6 hobgoblins
  12 jackals
  3 quokkas
  3 bats
  7 frilled lizards
  2 jackal zombies
  8 kobolds
  A leopard gecko skeleton (D:8)
  2 rats (D:3)
  A bush (D:7)
363 creatures vanquished.

Vanquished Creatures (others)
  39 fungi
  14 plants
53 creatures vanquished.

Grand Total: 416 creatures vanquished

Notes
Turn   | Place    | Note
-------+----------+-------------------------------------------
     0 | D:1      | letownia2 the Gargoyle Fighter began the quest for the Orb.
     0 | D:1      | Reached XP level 1. HP: 14/14 MP: 1/1
   206 | D:3      | Reached skill level 3 in Unarmed Combat
   206 | D:3      | Reached XP level 2. HP: 15/19 MP: 2/2
   289 | D:3      | Noticed Grinder
   573 | D:3      | Noticed Natasha
   587 | D:3      | Killed Natasha
   587 | D:3      | Reached XP level 3. HP: 7/23 MP: 3/3
   931 | D:3      | Reached skill level 4 in Unarmed Combat
   933 | D:3      | Noticed Natasha
   954 | D:3      | Killed Natasha
   954 | D:3      | Reached XP level 4. HP: 11/28 MP: 4/4
  1219 | D:4      | Reached skill level 1 in Dodging
  1219 | D:4      | Reached XP level 5. HP: 13/32 MP: 5/5
  1386 | D:4      | Reached skill level 5 in Unarmed Combat
  1562 | D:4      | Noticed Ignatius881's ghost (amateur DESu)
  1655 | D:3      | Reached XP level 6. HP: 17/38 MP: 6/6
  1921 | D:3      | Noticed Natasha
  2072 | D:4      | Killed Ignatius881's ghost
  2330 | D:4      | Noticed Eustachio
  2358 | D:4      | Killed Eustachio
  2358 | D:4      | Reached skill level 5 in Fighting
  2358 | D:4      | Reached skill level 6 in Unarmed Combat
  2358 | D:4      | Reached XP level 7. HP: 31/44 MP: 7/7
  2693 | D:4      | Found a staircase to the Ecumenical Temple.
  2733 | Temple   | Entered the Ecumenical Temple
  2883 | Temple   | Became a worshipper of Gozag Ym Sagoz the Greedy
  3199 | D:3      | Killed Natasha
  3238 | D:3      | Noticed Ijyb
  3249 | D:3      | Killed Ijyb
  4059 | D:2      | Killed Grinder
  4059 | D:2      | Reached skill level 7 in Unarmed Combat
  4059 | D:2      | Reached XP level 8. HP: 46/52 MP: 8/8
  5219 | D:5      | Entered Level 5 of the Dungeon
  5579 | D:5      | Found an ornate altar of the Wu Jian Council.
  5606 | D:5      | Found a snail-covered altar of Cheibriados.
  5645 | D:5      | Found a shattered altar of Ashenzari.
  5826 | D:5      | Found a sparkling altar of Nemelex Xobeh.
  5874 | D:5      | Reached skill level 5 in Armour
  6133 | D:6      | Noticed Blork the orc
  6150 | D:6      | Killed Blork the orc
  6159 | D:6      | Noticed Menkaure
  6433 | D:5      | Reached skill level 8 in Unarmed Combat
  6469 | D:6      | Reached XP level 9. HP: 51/57 MP: 9/9
  6568 | D:5      | Reached skill level 9 in Unarmed Combat
  6795 | D:6      | Killed Menkaure
  6811 | D:6      | Found a runed door.
  6846 | D:6      | Noticed Crazy Yiuf
  6854 | D:6      | Killed Crazy Yiuf
  6926 | D:6      | Found a white marble altar of Elyvilon.
  6981 | D:6      | Reached skill level 10 in Unarmed Combat
  7203 | D:6      | Learned a level 1 spell: Beastly Appendage
  7342 | D:7      | Reached skill level 11 in Unarmed Combat
  7453 | D:7      | Found a hide-covered altar of Uskayaw.
  7455 | D:7      | Noticed a hand axe
  7455 | D:7      | Noticed a hand axe
  7458 | D:7      | Found a glowing golden altar of the Shining One.
  7566 | D:7      | Got a crude flail
  7627 | D:7      | Found a burning altar of Makhleb.
  7633 | D:7      | Reached XP level 10. HP: 63/63 MP: 10/10
  7660 | D:7      | Noticed Duvessa
  7660 | D:7      | Noticed Dowan
  7669 | D:7      | Noticed Dowan
  7669 | D:7      | Dowan changed into Dowan the jelly
  7678 | D:7      | Killed Duvessa
  7680 | D:7      | Killed Dowan the jelly
  7860 | D:7      | Found a blossoming altar of Fedhas.
  7989 | D:7      | Found a deep blue altar of Sif Muna.
  8147 | D:8      | Reached skill level 12 in Unarmed Combat
  8181 | D:8      | Noticed a two-headed ogre
  8290 | D:8      | Killed a two-headed ogre
  8323 | D:8      | Got a dazzling falchion
  8382 | D:8      | Reached skill level 1 in Evocations
  8621 | D:7      | Reached skill level 13 in Unarmed Combat
  8844 | D:8      | Noticed Pikel
  8920 | D:9      | Found a stormy altar of Qazlal.
  8931 | D:9      | Noticed a two-headed ogre
  9075 | D:9      | Got a faintly glowing fustibalus
  9116 | D:9      | Found a staircase to the Orcish Mines.
  9219 | D:9      | Identified the +8 fustibalus "Yheaz" {velocity, Stlth+} (You found it on level 9 of the Dungeon)
  9221 | D:9      | Identified the cursed +0 falchion "Geoq" {protect, rPois rC+} (You found it on level 8 of the Dungeon)
  9519 | D:10     | Entered Level 10 of the Dungeon
  9823 | D:10     | Found Suxaek's Armour Shoppe.
  9826 | D:10     | Reached XP level 11. HP: 68/68 MP: 13/13
 10388 | D:11     | Killed a two-headed ogre
 10494 | D:11     | Noticed a green ugly thing
 10505 | D:11     | Killed a green ugly thing
 10549 | D:11     | Found a flagged portal.
 10706 | D:11     | Reached skill level 14 in Unarmed Combat
 10949 | Bailey   | Entered a bailey
 11216 | Bailey   | Reached skill level 10 in Fighting
 11753 | D:11     | Found a staircase to the Lair.
 11879 | D:11     | Reached skill level 15 in Unarmed Combat
 11879 | D:11     | Reached XP level 12. HP: 44/78 MP: 14/14
 12715 | D:8      | Noticed a two-headed ogre
 12732 | D:8      | Killed Pikel
 12738 | D:8      | Killed a two-headed ogre
 12806 | D:8      | Learned a level 3 spell: Portal Projectile
 12810 | D:8      | Learned a level 3 spell: Inner Flame
 12900 | Lair:1   | Entered Level 1 of the Lair of Beasts
 13195 | Lair:1   | Reached skill level 16 in Unarmed Combat
 14583 | Lair:2   | Found a hole to the Spider Nest.
 15303 | Lair:3   | Reached XP level 13. HP: 83/83 MP: 15/15
 15772 | Lair:3   | Found a staircase to the Shoals.
 15975 | Lair:2   | Quit the game

Skill      XL: |  1  2  3  4  5  6  7  8  9 10 11 12 |
---------------+-------------------------------------+-----
Unarmed Combat | 3 4 5 6 7 8 11 13 15 16 | 16.8
Dodging        | 1 3 |  3.9
Fighting       | 4 5 6 7 8 10 | 10.9
Armour         | 4 5 6 |  6.5
Evocations     | 3 |  3.1
Shields        | |  3.2

Action                   |  1- 3 |  4- 6 |  7- 9 | 10-12 | 13-15 || total
-------------------------+-------+-------+-------+-------+-------++-------
Melee: Unarmed           |   111 |   155 |   559 |   776 |    43 ||  1644
       Punch             |     2 |     1 |    18 |    42 |     2 ||    65
 Fire: Fustibalus        |       |       |       |    31 |       ||    31
Throw: Javelin           |       |       |       |     4 |       ||     4
Invok: Call Merchant     |       |       |       |     3 |     1 ||     4
Evoke: Wand              |       |       |       |    28 |       ||    28
  Use: Scroll            |       |       |       |    17 |     6 ||    23
       Potion            |       |       |       |     3 |       ||     3
 Stab: Distracted        |       |       |       |     1 |       ||     1
  Eat: Chunk             |       |     5 |     1 |     6 |       ||    12
       Ration            |       |       |     5 |     5 |     2 ||    12
Armor: Scale mail        |    48 |    95 |   268 |   399 |    18 ||   828
       Skin              |       |       |     2 |    21 |       ||    23
Dodge: Dodged            |    53 |    95 |   222 |   319 |    13 ||   702
Block: Shield            |     2 |       |       |       |       ||     2
